[Event "Team 45 45 League T65"]
[Site "Internet Chess Club"]
[Date "2015.06.20"]
[Round "3"]
[White "skuhl99"]
[Black "ethan0627"]
[Result "1/2-1/2"]
[WhiteElo "1437"]
[BlackElo "1443"]
[Opening "Réti opening"]
[ECO "A30"]
[Time "10:02:19"]
[TimeControl "2700+45"]

1. Nf3 c5 2. c4 Nc6 3. g3 Nf6 4. Bg2 d6 5. a3 g6 6. d3 Bg7 7. Nbd2 O-O 8. O-O e6
9. Rb1 d5 10. b4 b6 11. b5 Ne7 12. Bb2 a6 13. a4 Rb8 14. Qc2 Re8 15. Rfe1 Nf5
16. e3 Qd7 17. Ne5 Qb7 18. cxd5 exd5 19. Nc6 Ra8 20. Bxf6 Bxf6 21. Bxd5 Be6 22.
Bxe6 Rxe6 23. Ne4 Bg7 24. Ng5 Rd6 25. Qc4 axb5 26. axb5 Ra3 27. Rb3 Rxb3 28.
Qxb3 h6 29. Ne4 Rd7 30. Re2 Ne7 31. Nxe7+ Rxe7 32. Nd6 Qd7 33. Nc4 Qc7 34. Ra2
Re8 35. Ra6 Rb8 36. Qa3 Kh7 {Game drawn by mutual agreement} 1/2-1/2

[Event "Team 45 45 League T65"]
[Site "Internet Chess Club"]
[Date "2015.06.20"]
[Round "3"]
[White "Ilamihir"]
[Black "mkoga"]
[Result "0-1"]
[WhiteElo "1150"]
[BlackElo "1449"]
[Opening "QGD Slav defense"]
[ECO "D10"]
[Time "14:00:33"]
[TimeControl "2700+45"]

1. d4 c6 2. c4 d5 3. Nc3 Bf5 4. Nf3 f6 5. e3 e5 6. dxe5 fxe5 7. Nxe5 Bd6 8. Nf3
Nf6 9. cxd5 Nxd5 10. Nxd5 cxd5 11. Bb5+ Nc6 12. Qxd5 Bb4+ 13. Qd2 Bxd2+ 14. Bxd2
Bd3 15. Bxd3 Qxd3 16. Rd1 Rd8 17. Ng5 Nb4 18. Rc1 Nc2+ 19. Rxc2 Qxc2 20. f3
Qxd2+ 21. Kf1 Qxe3 22. g3 Rd1+ 23. Kg2 Rxh1 24. Kxh1 Qxg5 25. Kg2 Qd2+ 26. Kh3
g5 27. g4 Qf2 28. b3 Qxf3# {White checkmated} 0-1

[Event "Team 45 45 League T65"]
[Site "Internet Chess Club"]
[Date "2015.06.22"]
[Round "3"]
[White "rubo"]
[Black "unclevinny"]
[Result "1-0"]
[WhiteElo "1650"]
[BlackElo "1588"]
[Opening "Bird's opening"]
[ECO "A02"]
[Time "22:00:21"]
[TimeControl "2700+45"]

1. f4 Nf6 2. Nf3 d6 3. e3 c5 4. b3 g6 5. Bb2 Bg7 6. Bb5+ Nbd7 7. O-O O-O 8. Qe2
a6 9. Bxd7 Bxd7 10. d3 b5 11. Nbd2 Re8 12. c4 Nh5 13. Bxg7 Nxg7 14. e4 Qc7 15.
e5 f6 16. Rfe1 dxe5 17. fxe5 f5 18. Ng5 e6 19. g4 h6 20. Nh3 g5 21. Nf2 Re7 22.
Qe3 f4 23. Qe4 Nf5 {Black resigns} 1-0

[Event "Team 45 45 League T65"]
[Site "Internet Chess Club"]
[Date "2015.06.21"]
[Round "3"]
[White "chesskix"]
[Black "nosir"]
[Result "1-0"]
[WhiteElo "1543"]
[BlackElo "1498"]
[Opening "English: Caro-Kann defensive system"]
[ECO "A12"]
[Time "15:01:07"]
[TimeControl "2700+45"]

1. Nf3 d5 2. c4 c6 3. b3 Nf6 4. Bb2 Nbd7 5. g3 Qb6 6. d3 dxc4 7. dxc4 e6 8. Bg2
Bb4+ 9. Nbd2 Ne4 10. O-O Ndf6 11. Nxe4 Nxe4 12. Bd4 Bc5 13. e3 Bxd4 14. Nxd4 Nf6
15. Rc1 e5 16. c5 Qd8 17. Nxc6 bxc6 18. Bxc6+ Bd7 19. Bxa8 Qxa8 20. Qd6 e4 21.
c6 Be6 22. Rfd1 Ng8 23. c7 {Black resigns} 1-0

[Event "Team 45 45 League T65"]
[Site "Internet Chess Club"]
[Date "2015.06.22"]
[Round "3"]
[White "g8wrb"]
[Black "jjaillet2007"]
[Result "1-0"]
[WhiteElo "1290"]
[BlackElo "1356"]
[Opening "French: Tarrasch, open, 4.ed ed"]
[ECO "C08"]
[Time "08:01:33"]
[TimeControl "2700+45"]

1. e4 e6 2. d4 d5 3. Nd2 c5 4. exd5 exd5 5. c3 Nc6 6. Ndf3 Bg4 7. Qd3 c4 8. Qc2
Bxf3 9. Nxf3 Bd6 10. Be2 Nf6 11. O-O O-O 12. Bg5 Be7 13. Rfe1 Ne4 14. Bxe7 Nxe7
15. Bxc4 Nxf2 16. Qxf2 dxc4 17. Ne5 f6 18. Nxc4 b5 19. Nd2 Ng6 20. Re6 Re8 21.
Rae1 Rxe6 22. Rxe6 Qd5 23. Qe2 Kf7 24. Ra6 Nf4 25. Qe4 Qxe4 26. Nxe4 Kg6 27. Nd6
b4 28. Nb5 bxc3 29. bxc3 Nd5 30. c4 Nb4 31. Rxa7 Re8 32. a3 Nc6 33. Ra6 Rc8 34.
c5 Ne7 35. Kf2 Nd5 36. a4 Nb4 37. Ra7 Nd3+ 38. Ke3 Ne1 39. g3 Re8+ 40. Kf2 Nd3+
41. Kf3 Ne1+ 42. Kf2 Nd3+ 43. Kg2 Ne1+ 44. Kh3 Re2 45. d5 Nf3 46. Kg4 Ne5+ 47.
Kh3 Nf3 48. d6 Ng5+ 49. Kh4 Re4+ 50. g4 h5 51. h3 hxg4 52. hxg4 f5 53. Rxg7+
Kxg7 54. Kxg5 f4 55. d7 Re5+ 56. Kxf4 Rd5 57. c6 Kf7 58. Nc7 Rd1 59. a5 Ke7 60.
a6 Ra1 61. g5 Kd8 62. Ne6+ {Black resigns} 1-0

[Event "Team 45 45 League T65"]
[Site "Internet Chess Club"]
[Date "2015.06.23"]
[Round "3"]
[White "WzeroMN"]
[Black "SeniorCitizen"]
[Result "0-1"]
[WhiteElo "1127"]
[BlackElo "1395"]
[Opening "French: advance, Paulsen attack"]
[ECO "C02"]
[Time "14:01:09"]
[TimeControl "2700+45"]

1. e4 e6 2. d4 d5 3. e5 c5 4. c3 Nc6 5. Nf3 Qb6 6. Qb3 Qxb3 7. axb3 cxd4 8. Bb5
dxc3 9. Bxc6+ bxc6 10. bxc3 Bc5 11. O-O Ne7 12. Re1 O-O 13. Be3 Bxe3 14. Rxe3
Bb7 15. Nbd2 Nf5 16. Ree1 a6 17. Nd4 Nxd4 18. cxd4 Ra7 19. b4 Rb8 20. Reb1 Bc8
21. Ra4 Bd7 22. Nb3 c5 23. Ra2 cxb4 24. Rab2 a5 25. Nxa5 Rxa5 26. g3 Rab5 27.
Rb3 R5b6 28. R3b2 b3 29. Ra1 g6 30. Ra7 R8b7 31. Ra8+ Kg7 32. f4 Bc6 33. g4 Rb4
34. Rc8 Bd7 35. Ra8 Rxd4 36. Ra1 Rxf4 37. h3 Rfb4 38. Rab1 Ba4 39. Kh2 Rc7 40.
Kg3 Rc2 41. Rxc2 bxc2 42. Rc1 Rb1 43. Rxc2 Bxc2 44. Kf2 Be4 45. Kg3 d4 46. Kf4
d3 47. Kxe4 d2 48. Ke3 d1=R 49. g5 Rb3+ 50. Ke2 Ra1 51. Kd2 Rxh3 52. Kc2 Rg1 53.
Kd2 Rg2+ 54. Ke1 Rh1# {White checkmated} 0-1

[Event "Team 45 45 League T65"]
[Site "Internet Chess Club"]
[Date "2015.06.22"]
[Round "3"]
[White "room-matt"]
[Black "Schachteufel"]
[Result "1-0"]
[WhiteElo "1904"]
[BlackElo "1689"]
[Opening "Bishop's opening: Berlin defense"]
[ECO "C24"]
[Time "11:03:21"]
[TimeControl "2700+45"]

1. e4 e5 2. Bc4 Nf6 3. d3 Bc5 4. Nc3 O-O 5. f4 d6 6. f5 c6 7. Nf3 d5 8. Bb3 dxe4
9. Nxe4 Nxe4 10. dxe4 Qxd1+ 11. Kxd1 Nd7 12. Bg5 Kh8 13. h4 f6 14. Bd2 b5 15. g4
Bb6 16. c3 Bb7 17. h5 c5 18. Bc2 c4 19. Kc1 Nc5 20. h6 Rf7 21. Re1 Rd8 22. hxg7+
Kxg7 23. g5 Nd3+ 24. Bxd3 Rxd3 25. gxf6+ Rxf6 26. Nxe5 Rg3 27. Nd7 Rf7 28. Nxb6
axb6 29. Be3 Rg4 30. Bd4+ Kg8 31. e5 Rxf5 32. e6 Kf8 33. b4 h5 34. a4 Rg2 35.
axb5 h4 36. Ra7 Bd5 37. e7+ Ke8 38. Bxb6 h3 39. Bc5 Rg3 40. Rc7 Rxc3+ 41. Kb2
Rb3+ 42. Kc2 Bf7 43. Rc8+ Kd7 44. Rd8+ Kc7 45. Bd6+ Kb7 46. Rb8+ Ka7 47. Ra1+
Ra3 48. Rxa3# {Black checkmated} 1-0

[Event "Team 45 45 League T65"]
[Site "Internet Chess Club"]
[Date "2015.06.22"]
[Round "3"]
[White "krysto"]
[Black "ghostfire"]
[Result "1-0"]
[WhiteElo "1649"]
[BlackElo "1714"]
[Opening "QGD Slav defense"]
[ECO "D10"]
[Time "22:14:17"]
[TimeControl "2700+45"]

1. d4 d5 2. c4 c6 3. Nc3 dxc4 4. e3 Nf6 5. Bxc4 e6 6. Nf3 Be7 7. O-O O-O 8. Qc2
Nbd7 9. a4 Qc7 10. b3 e5 11. Bb2 exd4 12. Nb5 Qd8 13. Nbxd4 Nb6 14. Be2 Nbd5 15.
Rfd1 Qa5 16. Rac1 Nb4 17. Qb1 Nbd5 18. Nf5 Bxf5 19. Qxf5 Qb6 20. Bc4 h6 21. Ne5
Qc7 22. Bxd5 Nxd5 23. Rxd5 Bf6 24. Rdc5 Rad8 25. Bd4 Rfe8 26. Nf3 Bxd4 27. Nxd4
Qb6 28. g3 Qb4 29. Qb1 Qd2 30. R1c2 Qd3 31. Rc1 Qd2 32. Qc2 Qb4 33. Qc3 Qb6 34.
a5 Qc7 35. b4 Re5 36. b5 Qe7 37. bxc6 Rxc5 38. Qxc5 Qxc5 39. Rxc5 bxc6 40. Rxc6
Ra8 41. Ra6 {Black resigns} 1-0

[Event "Team 45 45 League T65"]
[Site "Internet Chess Club"]
[Date "2015.06.20"]
[Round "3"]
[White "XGG123"]
[Black "portis2"]
[Result "0-1"]
[WhiteElo "1253"]
[BlackElo "1566"]
[Opening "Ruy Lopez: closed, 9.h3"]
[ECO "C92"]
[Time "11:00:30"]
[TimeControl "2700+45"]

1. e4 e5 2. Nf3 Nc6 3. Bb5 a6 4. Ba4 Nf6 5. O-O Be7 6. Re1 b5 7. Bb3 d6 8. c3
O-O 9. h3 Re8 10. d4 Na5 11. Bc2 Bf8 12. dxe5 dxe5 13. Qxd8 Rxd8 14. Nxe5 Bb7
15. Nd2 Bd6 16. Nef3 Nd7 17. a3 Ne5 18. Nxe5 Bxe5 19. Nf3 Bd6 20. Nd4 g6 21. Bg5
Re8 22. Nf3 Nc4 23. Nd2 Nxb2 24. Reb1 Be5 25. Rxb2 Bxc3 26. Rab1 Bxb2 27. Rxb2
c5 28. f3 Rac8 29. Nc4 Re6 30. Na5 Ba8 31. a4 c4 32. axb5 Rb6 33. Nxc4 Rxc4 34.
Bd3 Rc8 35. Be3 Rd6 36. Be2 axb5 37. Rxb5 Rdd8 38. Rb1 Rb8 39. Rc1 Rdc8 40. Rd1
Rb2 41. Bd3 Rd8 42. Be2 Rxd1+ 43. Bxd1 Rb1 {White resigns} 0-1

[Event "Team 45 45 League T65"]
[Site "Internet Chess Club"]
[Date "2015.06.20"]
[Round "3"]
[White "Berke"]
[Black "julesraider"]
[Result "0-1"]
[WhiteElo "1513"]
[BlackElo "1568"]
[Opening "Caro-Kann: exchange, Rubinstein variation"]
[ECO "B13"]
[Time "14:00:34"]
[TimeControl "2700+45"]

1. e4 c6 2. d4 d5 3. exd5 cxd5 4. Bd3 Nc6 5. c3 Nf6 6. Bf4 Bg4 7. Qb3 Qc8 8. Nd2
e6 9. Ngf3 Be7 10. O-O Bh5 11. Ne5 O-O 12. Rfe1 a6 13. Qc2 Bg6 14. Nxg6 hxg6 15.
Re3 b5 16. Qd1 b4 17. Rc1 Qb7 18. h4 bxc3 19. bxc3 Rfc8 20. Rb1 Qd7 21. Qe2 Nh5
22. Be5 Nxe5 23. dxe5 Rxc3 24. Bxg6 Rxe3 25. Bxf7+ Kxf7 26. Qxh5+ Kg8 27. fxe3
Qc7 28. Rf1 Bc5 29. Nf3 Bxe3+ 30. Kh1 Rf8 31. Qg6 Qe7 32. g3 d4 33. Kg2 Qd7 34.
Rd1 Qd5 35. Qg4 Qxa2+ 36. Kh3 Qd5 37. Ng5 Bxg5 38. hxg5 Rf5 39. Rb1 Qxe5 40. Kh4
g6 41. Rd1 Qh8+ {White resigns} 0-1

[Event "Team 45 45 League T65"]
[Site "Internet Chess Club"]
[Date "2015.06.21"]
[Round "3"]
[White "santiagoelawad"]
[Black "bradleyguo175"]
[Result "1-0"]
[WhiteElo "2099"]
[BlackElo "1730"]
[Opening "English: Bremen, reverse dragon"]
[ECO "A22"]
[Time "09:04:50"]
[TimeControl "2700+45"]

1. c4 e5 2. Nc3 Nf6 3. g3 d5 4. cxd5 Nxd5 5. Bg2 Nxc3 6. bxc3 Bc5 7. e3 O-O 8.
d4 exd4 9. cxd4 Bb4+ 10. Bd2 Bxd2+ 11. Qxd2 Qd6 12. Nf3 Bg4 13. Ne5 Bc8 14. O-O
Rd8 15. Qc3 c6 16. Rab1 Nd7 17. Nc4 Qe6 18. a4 Rb8 19. Rfc1 b6 20. Nb2 c5 21. d5
Qf6 22. e4 Qxc3 23. Rxc3 Nf6 24. Nc4 Bb7 25. f3 Ba6 26. Ne5 Bb7 27. a5 bxa5 28.
Rxc5 Nd7 29. Nxd7 Rxd7 30. Rxa5 Ra8 31. Bf1 Bc8 32. Bh3 Rb7 33. Rxb7 Bxb7 34.
Kf2 a6 35. Bd7 Kf8 36. Ke3 Ke7 37. Bh3 Kd6 38. Kd4 f6 39. f4 Re8 40. e5+ fxe5+
41. fxe5+ Rxe5 42. Be6 h6 43. h3 g6 44. Rc5 g5 45. Ra5 Re1 46. Ra3 Rd1+ 47. Ke4
Bxd5+ 48. Bxd5 Re1+ 49. Kf5 Kxd5 50. Rxa6 Re3 51. Ra5+ Kd4 52. Ra4+ Kd5 53. Rg4
Re5+ 54. Kg6 Re6+ 55. Kh5 Rf6 56. h4 gxh4 57. Kxh4 Re6 58. Kh5 Rc6 59. Rg7 Re6
60. g4 Ke5 61. Rf7 Rd6 62. Rf5+ Ke4 63. Rf8 Ke5 64. Rf1 Rc6 65. Rf2 Kd5 66. Re2
Rb6 67. Re8 Rc6 68. Re1 Rb6 69. Re8 Rc6 70. Rh8 Rc1 71. Rxh6 Rg1 72. Rf6 Rh1+
73. Kg6 Rg1 74. g5 Ke5 75. Rf8 Ra1 76. Kg7 Ra7+ 77. Rf7 Ra1 78. g6 Ke6 79. Rf2
Rg1 80. Kh7 Ke7 81. g7 Rh1+ 82. Kg8 Ke8 83. Re2+ Kd8 84. Re4 Rf1 85. Kh7 Rh1+
86. Kg6 Rg1+ 87. Kf6 Rf1+ 88. Kg5 Rg1+ 89. Rg4 Rxg4+ 90. Kxg4 {Black resigns}
1-0

[Event "Team 45 45 League T65"]
[Site "Internet Chess Club"]
[Date "2015.06.18"]
[Round "3"]
[White "Bryant-L"]
[Black "SilentKnight"]
[Result "0-1"]
[WhiteElo "1718"]
[BlackElo "1651"]
[Opening "Grünfeld: modern exchange variation"]
[ECO "D85"]
[Time "18:04:18"]
[TimeControl "2700+45"]

1. d4 Nf6 2. c4 g6 3. Nc3 d5 4. cxd5 Nxd5 5. e4 Nxc3 6. bxc3 Bg7 7. Nf3 c5 8.
Bc4 O-O 9. O-O Nc6 10. Bb2 Bg4 11. d5 Na5 12. Be2 Bxf3 13. Bxf3 Nc4 14. Rb1 Qa5
15. a4 b6 16. Be2 Nxb2 17. Rxb2 Qxc3 18. Rb3 Qd4 19. Qxd4 Bxd4 20. g4 f5 21.
gxf5 gxf5 22. exf5 Rxf5 23. Bc4 Kh8 24. Kg2 Raf8 25. f3 Be5 26. Re3 Rh5 27. Rh1
Rg5+ 28. Kf2 Bd4 29. Ke2 Bxe3 30. Kxe3 Rff5 31. f4 Rh5 32. Rg1 h6 33. Ke4 Rf8
34. Rg2 Rd8 35. Rg6 Rd6 36. Rg3 Rxh2 37. Ke5 Rh5+ 38. f5 Rg5 39. Rh3 h5 40. Be2
Kg7 41. Bf3 a6 42. Be2 Rf6 43. Rf3 b5 44. axb5 axb5 45. Bxb5 h4 46. Bf1 Rg3 47.
Rxg3+ hxg3 48. Kf4 Rd6 49. Bg2 Kf6 50. Be4 c4 51. Kxg3 Ke5 52. Kf3 Rxd5 53. Ke3
Rc5 54. Bc2 c3 55. Kd3 Rd5+ 56. Kxc3 Rc5+ 57. Kd3 Rxc2 58. Kxc2 Kxf5 59. Kd3 Kf4
60. Ke2 Ke4 61. Ke1 Ke3 62. Kd1 e5 63. Ke1 e4 64. Kd1 Kf2 65. Kd2 e3+ 66. Kd3 e2
67. Kd4 e1=Q 68. Kd5 Qb4 69. Ke5 Ke3 70. Kd5 Qb5+ 71. Ke6 Ke4 72. Kf6 Qc5 73.
Ke6 Qb6+ 74. Ke7 Kf5 75. Kd7 Ke5 76. Ke7 Qc7+ 77. Kf8 Ke6 78. Kg8 Kf6 79. Kh8
Kg6 80. Kg8 Qg7# {White checkmated} 0-1

[Event "Team 45 45 League T65"]
[Site "Internet Chess Club"]
[Date "2015.06.18"]
[Round "3"]
[White "jjaillet2007"]
[Black "idjit"]
[Result "0-1"]
[WhiteElo "1377"]
[BlackElo "1612"]
[Opening "Nimzo-Indian: Sämisch variation"]
[ECO "E24"]
[Time "14:34:54"]
[TimeControl "2700+45"]

1. d4 Nf6 2. c4 e6 3. Nc3 Bb4 4. a3 Bxc3+ 5. bxc3 b6 6. Bg5 h6 7. Bh4 Ba6 8. e3
d6 9. Bd3 Nc6 10. d5 Na5 11. dxe6 fxe6 12. Qa4+ Qd7 13. Qxd7+ Nxd7 14. Nf3 O-O
15. O-O Nc5 16. Be2 Nxc4 17. Bxc4 Bxc4 18. Rfd1 g5 19. Bg3 Ne4 20. Nd4 e5 21.
Nc2 Nxc3 22. Rd2 Ne4 23. Rdd1 Nxg3 24. fxg3 Rf6 25. e4 Raf8 26. Ne3 Be6 27. Rf1
Rxf1+ 28. Rxf1 Rxf1+ 29. Kxf1 c6 30. Ke2 d5 31. exd5 Bxd5 32. Kf2 Kf7 33. g4 Kg6
34. h3 b5 35. Nf5 a5 36. g3 b4 37. axb4 axb4 38. Ke3 b3 39. Kd2 b2 40. Kc2 Be4+
41. Kxb2 Bxf5 42. gxf5+ Kxf5 43. Kc3 Ke4 44. Kc4 Kf3 45. g4 e4 46. Kd4 e3 47.
Kc5 e2 {White resigns} 0-1

[Event "Team 45 45 League T65"]
[Site "Internet Chess Club"]
[Date "2015.06.21"]
[Round "3"]
[White "nanning"]
[Black "Just-Jim"]
[Result "1-0"]
[WhiteElo "1624"]
[BlackElo "1309"]
[Opening "Queen's pawn"]
[ECO "A40"]
[Time "13:01:20"]
[TimeControl "2700+45"]

1. d4 e6 2. c4 d6 3. g3 f5 4. Bg2 Nf6 5. Nc3 c6 6. Nf3 Be7 7. O-O O-O 8. Qc2
Nbd7 9. b3 d5 10. Ng5 Nb8 11. Nh3 Na6 12. cxd5 Nb4 13. Qd2 cxd5 14. a3 Nc6 15.
b4 Qb6 16. e3 Bd7 17. Na4 Qa6 18. Nc5 Bxc5 19. dxc5 Ne5 20. Rd1 Ba4 21. Re1 Nd3
22. Bf1 Bb5 23. Bxd3 Bxd3 24. Nf4 Be4 25. Qe2 Qxe2 26. Rxe2 e5 27. Ng2 Bf3 28.
Rd2 Rad8 29. Nh4 Bg4 30. f3 Bh3 31. Bb2 e4 32. f4 Ng4 33. Bd4 a6 34. a4 Nh6 35.
b5 axb5 36. axb5 Nf7 37. Ra7 Rb8 38. Bc3 Rbc8 39. Rxd5 Rfd8 40. Rxd8+ Rxd8 41.
Bd4 Rd5 42. Rxb7 g5 43. Ng2 Nd8 44. Rg7+ Kf8 45. Rxh7 Bg4 46. b6 Nc6 47. b7 Kg8
48. b8=Q+ Nxb8 49. Rh8+ Kf7 50. Rxb8 Ke7 51. fxg5 Kf7 52. Nf4 Ke7 53. Nxd5+
{Black resigns} 1-0

[Event "Team 45 45 League T65"]
[Site "Internet Chess Club"]
[Date "2015.06.20"]
[Round "3"]
[White "Percival"]
[Black "jorobo"]
[Result "1-0"]
[WhiteElo "2164"]
[BlackElo "2046"]
[Opening "QGD: Tarrasch, Folkestone (Swedish) variation"]
[ECO "D33"]
[Time "07:09:51"]
[TimeControl "2700+45"]

1. d4 d5 2. c4 e6 3. cxd5 exd5 4. Nc3 c5 5. Nf3 Nc6 6. g3 c4 7. Bg2 Bb4 8. O-O
Nge7 9. Bf4 O-O 10. Ne5 Bf5 11. Nxc6 bxc6 12. Qa4 Qa5 13. Qxa5 Bxa5 14. f3 Rfe8
15. e4 Be6 16. Bd6 Rad8 17. Bc5 Bb6 18. Bxb6 axb6 19. Rad1 b5 20. a3 Rb8 21. Na2
Rbd8 22. Nb4 dxe4 23. fxe4 Bg4 24. Rd2 c5 25. Nd5 Nxd5 26. exd5 cxd4 27. Rxd4
Bd7 28. Kf2 Re5 29. Re1 Rde8 30. Rde4 Rxe4 31. Rxe4 Rxe4 32. Bxe4 f5 33. Bg2 Kf7
34. Ke3 Ke7 35. Kd4 Kd6 36. Bf1 g5 37. a4 bxa4 38. Bxc4 h6 39. Bd3 Bc8 40. Bc2
Bd7 41. h4 gxh4 42. gxh4 f4 43. Bd1 Be8 44. Ke4 Bf7 45. Bxa4 Bxd5+ 46. Kxf4 Ke6
47. Kg4 Kf6 48. Kh5 Kg7 49. Bd1 Bc4 50. b4 Bb5 51. Kg4 Kf6 52. Bb3 Bd7+ 53. Kf4
Bc6 54. Bc4 Kg6 55. Be2 Kf6 56. Bg4 Bb5 57. Ke4 Bc6+ 58. Kd4 Kg6 59. Kc5 Ba4 60.
Bf3 Kf6 61. Bc6 Bd1 62. b5 Be2 63. b6 Ba6 64. Kd6 Kf5 65. Kc7 Ke6 66. Bb7 {Black
resigns} 1-0

[Event "Team 45 45 League T65"]
[Site "Internet Chess Club"]
[Date "2015.06.20"]
[Round "3"]
[White "dmarcolino"]
[Black "BigH"]
[Result "0-1"]
[WhiteElo "1964"]
[BlackElo "2007"]
[Opening "French: King's Indian attack"]
[ECO "C00"]
[Time "12:10:55"]
[TimeControl "2700+45"]

1. e4 e6 2. d3 d5 3. Nd2 c5 4. Ngf3 Nc6 5. g3 Bd6 6. Bg2 Nge7 7. O-O O-O 8. Nh4
b5 9. f4 f6 10. c3 d4 11. c4 a6 12. b3 Rb8 13. cxb5 axb5 14. a4 Nb4 15. Ndf3
bxa4 16. bxa4 Ba6 17. Ne1 e5 18. Bh3 Bc8 19. Bxc8 Qxc8 20. fxe5 fxe5 21. Rxf8+
Qxf8 22. Bg5 Qf7 23. Bxe7 Bxe7 24. Nf5 Rf8 25. Nc2 Nc6 26. a5 c4 27. Qg4 Kh8 28.
dxc4 Bc5 29. Kh1 g6 30. Nh4 d3 {White resigns} 0-1

[Event "Team 45 45 League T65"]
[Site "Internet Chess Club"]
[Date "2015.06.18"]
[Round "3"]
[White "Dodgy"]
[Black "Chessbomb"]
[Result "0-1"]
[WhiteElo "2035"]
[BlackElo "1829"]
[Opening "King's Indian defense, 3.Nc3"]
[ECO "E61"]
[Time "10:00:50"]
[TimeControl "2700+45"]

1. d4 Nf6 2. c4 g6 3. Nc3 Bg7 4. Nf3 O-O 5. g3 d5 6. cxd5 Nxd5 7. Bg2 c6 8. O-O
Bg4 9. h3 Bxf3 10. Bxf3 e6 11. Nxd5 exd5 12. Bf4 Qb6 13. e3 Nd7 14. Rb1 Rfe8 15.
b4 a6 16. a4 Bf8 17. b5 axb5 18. axb5 Qd8 19. bxc6 bxc6 20. Qc2 g5 21. Be5 f6
22. Qxc6 fxe5 23. Qxd5+ Kh8 24. Qxa8 Qxa8 25. Bxa8 Rxa8 26. Rb7 Rd8 27. Ra1 exd4
28. exd4 Nf6 29. Rf7 Ne4 30. Raa7 h6 31. Kg2 Nd6 32. Rfd7 Rb8 33. Kf3 Kg8 34.
Ra6 Nf7 35. Kg4 Rb5 36. Kh5 Rf5 37. Ra2 Rf6 38. Kg4 Kg7 39. f4 Kg6 40. fxg5 h5+
41. Kh4 Nxg5 42. g4 Nf3+ 43. Kg3 h4+ 44. Kg2 Ne1+ 45. Kg1 Bh6 46. Re2 Nd3 47.
Re8 Bd2 48. Rg8+ Kh6 49. Rh8+ Kg5 50. Rh5+ Kg6 51. Rhh7 Be3+ 52. Kh1 Rf1+ 53.
Kg2 Rf2+ 54. Kh1 Rd2 55. Rdg7+ Kf6 56. Rf7+ Kg5 57. d5 Nf2+ 58. Kg2 Bd4 59. Kf3
Nxh3 60. d6 Kg6 61. d7 Ng5+ 62. Kf4 Rf2# {White checkmated} 0-1

[Event "Team 45 45 League T65"]
[Site "Internet Chess Club"]
[Date "2015.06.21"]
[Round "3"]
[White "laurenpar"]
[Black "kidviper"]
[Result "1/2-1/2"]
[WhiteElo "1946"]
[BlackElo "1937"]
[Opening "Réti opening"]
[ECO "A04"]
[Time "21:01:00"]
[TimeControl "2700+45"]

1. Nf3 b6 2. g3 Bb7 3. Bg2 Nf6 4. O-O e6 5. c4 Be7 6. b3 O-O 7. Bb2 c5 8. Nc3
Nc6 9. e3 d5 10. cxd5 exd5 11. d4 Ba6 12. Re1 Qd6 13. Ne5 cxd4 14. Nxc6 dxc3 15.
Nxe7+ Qxe7 16. Bxc3 Ne4 17. Bb2 Rfd8 18. Qd4 f6 19. Rac1 Bb7 20. b4 Rac8 21. h4
Qe6 22. Qd3 Rxc1 23. Rxc1 Rc8 24. Rxc8+ Qxc8 25. b5 Qc4 26. Bf1 Qxa2 27. Qc2 Nc5
28. h5 Qb3 29. Qe2 a6 30. h6 Qb4 31. hxg7 Kxg7 32. Bd4 Qb1 33. Bxc5 bxc5 34.
Qg4+ Qg6 35. Qd7+ Qf7 36. Qxf7+ Kxf7 37. bxa6 Ba8 38. Bd3 h6 39. Kg2 c4 40. Bf5
d4+ 41. Kf1 dxe3 42. fxe3 Ke7 43. Ke2 Kd6 44. Kd2 Kc5 45. Kc3 Bd5 46. Bc8 Kb6
47. g4 Kc7 48. Bb7 Bxb7 49. axb7 Kxb7 50. Kxc4 Kc6 51. Kd4 Kd6 52. Ke4 Ke6 53.
Kf4 Kf7 {Game drawn by mutual agreement} 1/2-1/2

[Event "Team 45 45 League T65"]
[Site "Internet Chess Club"]
[Date "2015.06.17"]
[Round "3"]
[White "HematiteBrown"]
[Black "Woss"]
[Result "0-1"]
[WhiteElo "2072"]
[BlackElo "2205"]
[Opening "French: Winawer, advance variation"]
[ECO "C18"]
[Time "13:08:06"]
[TimeControl "2700+45"]

1. e4 e6 2. d4 d5 3. Nc3 Bb4 4. e5 c5 5. a3 Bxc3+ 6. bxc3 Qa5 7. Bd2 Qa4 8. Nf3
Nc6 9. dxc5 Qe4+ 10. Be3 Nxe5 11. Nxe5 Qxe5 12. Bb5+ Kf8 13. Qd4 f6 14. O-O Ne7
15. f4 Qc7 16. Bd3 Nc6 17. Qa4 Bd7 18. Qb3 g6 19. Qb2 Kg7 20. Qc1 Rhe8 21. Qe1
e5 22. Qh4 e4 23. Bb5 Rf8 24. Bxc6 Qxc6 25. Bd4 Kg8 26. Rae1 Rf7 27. Re3 b6 28.
cxb6 axb6 29. f5 Bxf5 30. g4 Bd7 31. Rxf6 Rxf6 32. Bxf6 Bxg4 33. Rg3 Bf5 34. Bd4
Qd6 35. Qh6 Qc7 36. Qg5 Qf7 37. Qf4 Re8 38. Qd6 Bh3 39. Rxh3 Rf8 40. Bf6 Qxf6
41. Qxd5+ Rf7 42. Qd1 Qf2+ 43. Kh1 Rd7 44. Qxd7 Qf1# {White checkmated} 0-1

[Event "Team 45 45 League T65"]
[Site "Internet Chess Club"]
[Date "2015.06.18"]
[Round "3"]
[White "ChessHouston"]
[Black "PuzzleMaster"]
[Result "0-1"]
[WhiteElo "1844"]
[BlackElo "2012"]
[Opening "Pirc defense"]
[ECO "B07"]
[Time "22:08:52"]
[TimeControl "2700+45"]

1. e4 d6 2. d4 Nf6 3. Nc3 g6 4. f3 c6 5. Bd3 b6 6. a4 Nbd7 7. Nce2 Bg7 8. g4 e5
9. c3 Bb7 10. Be3 d5 11. exd5 Nxd5 12. Bf2 O-O 13. h4 Re8 14. Kd2 Rc8 15. Kc2 c5
16. dxe5 Nxe5 17. Bb5 Re6 18. Rh3 Rd6 19. Qc1 a6 20. Bd3 Nxd3 {White resigns}
0-1

[Event "Team 45 45 League T65"]
[Site "Internet Chess Club"]
[Date "2015.06.18"]
[Round "3"]
[White "ShootStraight"]
[Black "willhelm"]
[Result "1-0"]
[WhiteElo "1982"]
[BlackElo "1941"]
[Opening "Bogo-Indian defense, Grünfeld variation"]
[ECO "E11"]
[Time "10:00:38"]
[TimeControl "2700+45"]

1. d4 Nf6 2. c4 e6 3. Nf3 Bb4+ 4. Nbd2 Nc6 5. a3 Bxd2+ 6. Bxd2 d6 7. Bf4 Qe7 8.
e3 e5 9. dxe5 dxe5 10. Bg3 O-O 11. Be2 Ne4 12. O-O Nxg3 13. hxg3 f6 14. Qc2 Be6
15. Rfd1 Rfd8 16. Nd2 Rd7 17. b4 Nd8 18. Nb3 Nf7 19. Rxd7 Bxd7 20. Bf3 c6 21.
Nc5 Be8 22. Rd1 Rd8 23. Bg4 Rxd1+ 24. Qxd1 b6 25. Nb3 g6 26. c5 Ng5 27. Be2 bxc5
28. Nxc5 a5 29. Bc4+ Bf7 30. Qb3 axb4 31. Qxb4 Qd6 32. Bxf7+ Nxf7 33. Kh2 Qd1
34. Qb8+ Nd8 35. f3 Kg7 36. Qc7+ Kh6 37. Qe7 Qd5 38. Qf8+ Kg5 39. Ne4+ Kf5 40.
Qxf6# {Black checkmated} 1-0

[Event "Team 45 45 League T65"]
[Site "Internet Chess Club"]
[Date "2015.06.19"]
[Round "3"]
[White "ramirozp"]
[Black "Greedy-Reedy"]
[Result "1-0"]
[WhiteElo "1870"]
[BlackElo "1878"]
[Opening "Scandinavian: Pytel-Wade variation"]
[ECO "B01"]
[Time "12:12:07"]
[TimeControl "2700+45"]

1. e4 d5 2. exd5 Qxd5 3. Nc3 Qd6 4. d4 Nf6 5. Nf3 a6 6. g3 Bg4 7. Bg2 Nc6 8. O-O
O-O-O 9. h3 Bh5 10. Bf4 Qb4 11. g4 Bg6 12. a3 Qxb2 13. Qe1 Bxc2 14. Rc1 Bd3 15.
Ne5 Bxf1 16. Bxc6 bxc6 17. Qxf1 Qb7 18. Nxf7 Rg8 19. Nxd8 Kxd8 20. Qc4 g5 21.
Be5 Rg6 22. Rb1 Qa8 23. Qf7 Kd7 24. Na4 Qe8 25. Nc5+ Kc8 26. Rb8+ Kxb8 27. Qb3+
Kc8 28. Qb7+ {Black resigns} 1-0

[Event "Team 45 45 League T65"]
[Site "Internet Chess Club"]
[Date "2015.06.18"]
[Round "3"]
[White "JustinL"]
[Black "OperaDude94"]
[Result "1-0"]
[WhiteElo "1945"]
[BlackElo "1849"]
[Opening "Torre attack (Tartakower variation)"]
[ECO "D03"]
[Time "16:00:40"]
[TimeControl "2700+45"]

1. d4 Nf6 2. Nf3 d5 3. Bg5 Ne4 4. Bf4 e6 5. Nbd2 Nxd2 6. Qxd2 Bd6 7. e3 O-O 8.
Bd3 Bxf4 9. exf4 Qd6 10. O-O c5 11. c3 Nc6 12. Rfe1 cxd4 13. cxd4 Bd7 14. a3
Rab8 15. Rac1 b5 16. Ne5 Nxd4 17. Bxh7+ Kxh7 18. Qxd4 a5 19. Rc3 b4 20. Rh3+ Kg8
21. Qd3 f5 22. Qg3 Rf6 23. Qg5 Be8 24. Rg3 Qe7 25. a4 Rc8 26. h4 Bxa4 27. h5 Kh7
28. Rh3 Be8 29. h6 g6 30. Nf3 a4 31. Qh4 Rc7 32. Ng5+ Kh8 33. Rhe3 Bd7 34. h7 a3
35. bxa3 bxa3 36. Rb3 Rf8 37. Qg3 Ra8 38. Qe3 Bc8 39. Rc3 Rxc3 40. Qxc3+ Qg7 41.
Qc6 Bb7 42. Qxe6 a2 43. Qe8+ Qf8 44. Qxg6 a1=Q 45. Rxa1 Rxa1+ 46. Kh2 d4 47.
Nf7+ Qxf7 48. Qxf7 Ra8 49. Qxb7 Rd8 50. Qe7 Ra8 51. Qb4 Rd8 52. Qb6 Rd7 53. Qf6+
Kxh7 54. Qxf5+ {Black resigns} 1-0